 Dungeon Crawl Stone Soup version 0.31-a0-968-g24f9ace8b5 (webtiles) character file.

Game seed: 7077502945744534157

1023 croobank the Sneak (level 8, -3/105 HPs)
             Began as a White Draconian Delver on Oct 27, 2023.
             Slain by an orc wizard
             ... wielding a +0 dagger of electrocution
              (16 damage)
             ... on level 5 of the Dungeon.
             The game lasted 00:11:25 (4435 turns).

croobank the Sneak (White Draconian Delver)         Turns: 4435, Time: 00:11:26

Health: -3/105     AC: 24    Str: 12 (15) XL:     8   Next: 2%
Magic:  10/10      EV:  2    Int: 12 (13) God:
Gold:   236        SH:  0    Dex:  9 (12) Spells: 7/9 levels left

rFire   . . .        i - +1 dagger (venom)
rCold   . . .        (no shield)
rNeg    . . .        (body armour unavailable)
rPois   +            (helmet currently unavailable)
rElec   .            y - melded +0 cloak
rCorr   .            (gloves currently unavailable)
SInv    .            w - melded +2 pair of boots
Will    .....        (no amulet)
Stlth   +++          (no ring)
HPRegen 0.37/turn    (no ring)
MPRegen 0.12/turn

%: no passive effects
@: mighty, brilliant, tree-form, very slightly contaminated
A: stationary, stasis, torment immunity, boosted hp, (breathe frost), AC +6,
unfitting armour, (cold resistance 1), (cold-blooded)
a: no special abilities


You were on level 5 of the Dungeon.
You were a tree.
You visited 1 branch of the dungeon, and saw 5 of its levels.

You collected 236 gold pieces.

Inventory:

Hand Weapons
 a - a +0 short sword of electrocution
 d - a +1 whip of electrocution
 i - a +1 dagger of venom (weapon)
 j - a +0 trident
Missiles
 e - 5 poisoned darts
 k - 8 curare-tipped darts
Armour
 h - a +0 kite shield
 w - a +2 pair of boots (melded)
 y - a +0 cloak (melded)
Talismans
 x - a flux talisman
Wands
 f - a wand of digging (3)
 p - a wand of roots (12)
Scrolls
 b - a scroll of fog
 c - 4 scrolls of revelation
 g - 2 scrolls of identify
 l - 4 scrolls of vulnerability
 A - 2 scrolls of enchant armour
Potions
 m - a potion of brilliance
 o - a potion of degeneration
 q - 2 potions of curing
 t - a potion of mutation {unknown}
 u - a potion of enlightenment {unknown}
 v - a potion of resistance {unknown}
 z - 2 potions of attraction {unknown}


   Skills:
 + Level 5.8 Fighting
 + Level 4.7 Short Blades
 + Level 4.2 Dodging
 + Level 6.3 Stealth
 + Level 1.0 Shields
 * Level 1.4 Spellcasting
 * Level 2.1 Ice Magic


You had 7 spell levels left.
You knew the following spells:

 Your Spells              Type           Power      Damage    Failure   Level
a - Ensorcelled Hibernat  Hex/Ice        10%        N/A       28%         2

Your spell library contained the following spells:

 Spells                   Type           Power      Damage    Failure   Level
 Sandblast                Erth           2%         2d4       28%         1
 Passwall                 Tmut/Erth      0%         N/A       41%         2
 Stone Arrow              Conj/Erth      2%         3d7       65%         3
 Swiftness                Air            1%         N/A       65%         3
 Brom's Barrelling Bould  Conj/Erth      1%         2d3       96%         4


Dungeon Overview and Level Annotations

Branches:
Dungeon (5/15)
 Temple: D:4-7

Altars:
Gozag
Hepliaklqana


Innate Abilities, Weirdness & Mutations

You are a tree.
Your roots penetrate the ground, keeping you stationary.
You cannot be teleported.
You are immune to unholy pain and torment.
Your maximum health is greatly increased.
Your equipment is partially melded.
((You can breathe waves of freezing cold which knock back foes.))
((Your icy white scales are hard. (AC +6)))
You cannot fit into any form of body armour.
((Your flesh is cold resistant. (rC+)))
((You are cold-blooded and may be slowed by cold attacks.))


Message History

* * * LOW HITPOINT WARNING * * *
Casting: Ensorcelled Hibernation (mildly dangerous; 28% risk of failure)
Confirm with . or Enter, or press ? or * to list all spells.
Aiming: Ensorcelled Hibernation (mildly dangerous; 28% risk of failure)
Press: ? - help, Shift-Dir - straight line, f - orc
Aim: an orc, wielding a +0 whip (chance to affect: 56%)
You feel a surge of power!
You miscast Ensorcelled Hibernation.
You are very lightly contaminated with residual magic.
Nothing appears to happen.
The jelly quivers.
You are no longer corroded.
The phantom hits you but does no damage.
The orc hits you with a +0 whip.
* * * LOW HITPOINT WARNING * * *
The orc wizard hits you but does no damage.
The white imp hits you but does no damage.
Casting: Ensorcelled Hibernation (mildly dangerous; 28% risk of failure)
Confirm with . or Enter, or press ? or * to list all spells.
You don't know that spell.
Casting: Ensorcelled Hibernation (mildly dangerous; 28% risk of failure)
Confirm with . or Enter, or press ? or * to list all spells.
Aiming: Ensorcelled Hibernation (mildly dangerous; 28% risk of failure)
Press: ? - help, Shift-Dir - straight line, f - jelly, p - orc
Aim: a jelly (heavily wounded, chance to affect: 48%)
You feel a surge of power!
You miscast Ensorcelled Hibernation.
Nothing appears to happen.
The phantom hits you.
* * * LOW HITPOINT WARNING * * *
The orc hits you but does no damage. The jelly hits you but does no damage.
The orc wizard mumbles some strange words.
The orc wizard flickers and vanishes!
Deactivating autopickup; reactivate with Ctrl-A.
The white imp barely misses you.
It was a potion of magic.
Magic courses through your body. The phantom hits you.
* * * LOW HITPOINT WARNING * * *
The orc hits you but does no damage. The jelly hits you but does no damage.
Something hits you.
* * * LOW HITPOINT WARNING * * *
You are electrocuted!
You die...

.................†....#
................§.....#
................J§....#
...............?......#
........##....(.###..##
........##[.....## ....
........#.......o# ...#
##########.....Wo# ..#
#.....J♣# ..# #.....5{#
#.......# #.J.....#
........# ##...##.#
#... ### ....


You could see a phantom, 2 jellies, a white imp and 2 orcs.

Vanquished Creatures
  Sigmund (D:4)
  2 kobold brigands (D:3)
  A bullfrog (D:4)
  A scorpion (D:5)
  A howler monkey (D:4)
  2 hounds
  4 orc priests
  A gnoll bouda (D:4)
  A jelly (D:4)
  3 orc wizards
  An iguana (D:4)
  11 gnolls
  4 adders
  3 worms
  13 orcs
  5 ball pythons
  6 endoplasms
  5 giant cockroaches
  5 goblins
  8 hobgoblins
  12 kobolds
  6 bats
  2 frilled lizards
  6 rats
104 creatures vanquished.

Notes
Turn   | Place    | Note
-------+----------+-------------------------------------------
     0 | D:5      | croobank the Draconian Delver began the quest for the Orb.
     0 | D:5      | Reached XP level 1. HP: 19/19 MP: 1/1
    12 | D:5      | Found a hazy altar of Hepliaklqana.
   244 | D:3      | Reached XP level 2. HP: 26/26 MP: 2/2
   680 | D:1      | Reached XP level 3. HP: 33/33 MP: 3/3
  1239 | D:2      | Reached XP level 4. HP: 23/40 MP: 4/4
  1246 | D:2      | Reached skill level 5 in Stealth
  1656 | D:2      | Reached XP level 5. HP: 28/46 MP: 5/5
  2092 | D:3      | Found an opulent altar of Gozag.
  2455 | D:3      | Reached XP level 6. HP: 40/53 MP: 6/6
  2926 | D:4      | Reached skill level 5 in Fighting
  3068 | D:4      | Noticed Sigmund
  3081 | D:4      | Killed Sigmund
  3082 | D:4      | Your scales start taking on an icy white colour.
  3082 | D:4      | Reached XP level 7. HP: 54/61 MP: 7/7
  3082 | D:4      | Gained mutation: Your flesh is cold resistant. (rC+) [White
                  | Draconian growth]
  3115 | D:4      | Reached skill level 6 in Stealth
  3506 | D:4      | Learned a level 2 spell: Ensorcelled Hibernation
  3763 | D:4      | Reached skill level 1 in Ice Magic
  4036 | D:4      | Reached skill level 1 in Spellcasting
  4388 | D:5      | Reached skill level 1 in Shields
  4425 | D:5      | Reached XP level 8. HP: 29/70 MP: 7/10
  4435 | D:5      | Slain by an orc wizard

Illustrated notes

Levels and vault maps discovered:
D:1:      minmay_arrival_open_corners, layout_loops_ring, dk_noncrumbling_3
D:2:      layout_basic
D:3:      cheibrodos_thug_alley, layout_basic, grunt_gozag_breadcrumbs
D:4:      layout_basic, grunt_decor_resistance, uniq_sigmund
D:5:      layout_gridville, chequers_temple_overflow_minitemple,
          amcnicky_altar_gilded

Skill      XL: |  1  2  3  4  5  6  7 |
---------------+----------------------+-----
Dodging        | 2 3 4 |  4.2
Stealth        | 5 6 |  6.3
Fighting       | 4 5 |  5.8
Short Blades   | 3 4 |  4.7
Ice Magic      | 2 |  2.1
Spellcasting   | 1 |  1.4
Shields        | 1 |  1.0

Action                     |  1- 3 |  4- 6 |  7- 9 || total
---------------------------+-------+-------+-------++-------
  Melee: Dagger            |    75 |   143 |    95 ||   313
         Short sword       |     4 |       |       ||     4
         Tailslap          |    10 |    18 |    11 ||    39
         Punch             |     2 |     4 |       ||     6
   Cast: Ensorcelled Hiber |       |       |     2 ||     2
Ability: Breathe Frost     |       |       |     8 ||     8
  Evoke: Wand              |       |       |     1 ||     1
    Use: Scroll            |       |    10 |     1 ||    11
         Potion            |       |     2 |     7 ||     9
   Stab: Sleeping          |    12 |     6 |     3 ||    21
         Distracted        |       |     1 |       ||     1
 Armour: Skin              |    21 |    57 |    78 ||   156
  Dodge: Dodged            |    40 |    69 |    47 ||   156

Table legend: (Time is in decaauts)
 A = Elapsed time spent in this place.
 B = Non-inter-level travel time spent in this place.
 C = Inter-level travel time spent in this place.
 D = Time resting spent in this place.
 E = Time spent auto-exploring this place.
 F = Levels seen in this place.
 G = Mean time per level.
                   A        B        C        D        E       F      G
               +--------+--------+--------+--------+--------+-----+--------+
         Total |   4359 |   4219 |    140 |    810 |   2437 |   5 |  871.8 |
       Dungeon |   4359 |   4219 |    140 |    810 |   2437 |   5 |  871.8 |
               +--------+--------+--------+--------+--------+-----+--------+

Top non-repeatable levels by time:
     D:4: 1560 daAuts
     D:2: 1124 daAuts
     D:3: 905 daAuts
     D:1: 671 daAuts
     D:5: 98 daAuts
